 Dungeon Crawl Stone Soup version 0.20.1-1-g8b1a95d (webtiles) character file.

2159 vineage the Slasher (level 9, -7/68 HPs)
             Began as a Demonspawn Fighter on Oct 7, 2017.
             Was a Priest of Okawaru.
             Mangled by a two-headed ogre
             ... wielding a +0 giant club
              (17 damage)
             ... on level 6 of the Dungeon.
             The game lasted 00:12:04 (4803 turns).

vineage the Slasher (Demonspawn Fighter)            Turns: 4803, Time: 00:12:04

Health: -7/68      AC:  9    Str: 19    XL:     9   Next: 10%
Magic:  9/9        EV:  9    Int: 12    God:    Okawaru [***...]
Gold:   423        SH: 16    Dex: 13    Spells: 8/8 levels left

rFire    . . .     SeeInvis .   a - +1 long sword
rCold    . . .     Gourm    .   c - +0 shield
rNeg     + . .     Faith    +   b - +0 scale mail
rPois    .         Spirit   .   (helmet restricted)
rElec    .         Reflect  .   m - +0 cloak
rCorr    .         Harm     .   (no gloves)
MR       .....     Rnd*Tele +   y - +0 pair of boots
Stlth    ..........             l - amulet of faith
Regen    0.3/turn               A - ring of teleportation (curse)
MPRegen  0.2/turn               n - ring of positive energy

@: no status effects
A: horns 2, talons 2, large bone plates 2, clever 1, demonic guardian 1, powered
by death 1
a: Heroism, Renounce Religion


You were on level 6 of the Dungeon.
You worshipped Okawaru.
Okawaru was most pleased with you.
You were hungry.

You visited 2 branches of the dungeon, and saw 7 of its levels.

You collected 423 gold pieces.

Inventory:

Hand Weapons
 a - a +1 long sword (weapon)
 z - a +2 whip of electrocution
Armour
 b - a +0 scale mail (worn)
 c - a +0 shield (worn)
 g - a +0 helmet
 m - a +0 cloak (worn)
 y - a +0 pair of boots (worn)
Jewellery
 l - an amulet of faith (around neck)
 n - a ring of positive energy (right hand)
 s - an uncursed ring of wizardry {unknown}
 x - an uncursed amulet of faith
 A - a cursed ring of teleportation (left hand)
Wands
 B - a wand of disintegration (24/24)
 D - a wand of disintegration (8/24)
Scrolls
 i - a scroll of fear
 k - 2 scrolls of enchant weapon
 r - 2 scrolls of teleportation
 w - 2 scrolls of blinking
Potions
 e - a potion of curing
 h - a potion of haste
 q - 2 potions of brilliance
 t - 2 potions of lignification
 u - a potion of resistance {unknown}
 v - 2 potions of invisibility
 C - a potion of flight {unknown}
Comestibles
 d - a royal jelly
 f - 4 bread rations


   Skills:
 + Level 5.0 Fighting
 + Level 7.0 Long Blades
 + Level 5.2 Armour
 + Level 2.5 Dodging
 + Level 1.8 Stealth
 + Level 5.9 Shields
 + Level 1.0 Invocations


You had 8 spell levels left.
You didn't know any spells.

Dungeon Overview and Level Annotations

Branches:
Dungeon (6/15)             Temple (1/1) D:4

Altars:
Elyvilon
Hepliaklqana
Okawaru
Xom


Innate Abilities, Weirdness & Mutations

You have razor-sharp toenails.
You are mostly covered in large bone plates. (SH +6)
A weak demonic guardian rushes to your aid.
You regenerate a little health from kills.
You have a pair of horns on your head.
Your mind is acute. (Int +2)


Message History

You are suddenly yanked towards a nearby monster!
Your surroundings suddenly seem different.
The two-headed ogre shouts in stereo!
You hit the two-headed ogre but do no damage.
You headbutt the two-headed ogre.
The two-headed ogre is heavily wounded.
You block the two-headed ogre's attack.
The two-headed ogre hits you with a dire flail.
You slash the two-headed ogre! You headbutt the two-headed ogre!
The two-headed ogre is severely wounded.
You block the two-headed ogre's attack. x2
Your iron imp hits the two-headed ogre but does no damage.
You barely miss the two-headed ogre. You headbutt the two-headed ogre!
The two-headed ogre is almost dead.
The two-headed ogre hits you with a giant club!!
* * * LOW HITPOINT WARNING * * *
You block the two-headed ogre's attack.
Your iron imp hits the two-headed ogre but does no damage.
The two-headed ogre hits you with a giant club!
You die...

###...# ##....##
##.... ......#
#....## ### ##...
.÷....# ##....#
#.### #... ......#
#.....## #...##
##.. ......#
##......# #....##
##. ......##
#.......# #.....##
##
.......####.......#
#......## #
.............)...##
##......# #
..........#.....@#
##.....###
......≈≈..##..5O.#
##.....#.
.....≈..≈.##....##
##......
.≈≈..≈..≈≈≈##...#
#### ##.....
≈..≈..≈..≈≈≈#..##
##..## ###...
≈..≈⌠.≈...≈≈#.##
##....# ##..
.≈.⌠≈..≈..≈≈#.#
#.....## ###..#
.≈..≈..≈..≈≈#.#
#......####.....
..≈..≈≈...≈##.##
#.......#...###.


You could see a two-headed ogre and a friendly iron imp.

Vanquished Creatures
  Pikel (D:5)
  The ghost of vineage the Slasher, a novice DsFi (D:4)
  Sigmund (D:3)
  A sky beast (D:5)
  An ice beast (D:6)
  An ogre (D:5)
  A necrophage (D:5)
  A centaur (D:6)
  2 scorpions
  An electric eel (D:6)
  A howler monkey (D:4)
  A crimson imp (D:5)
  A hound (D:5)
  2 bullfrog skeletons
  An orc priest (D:4)
  Ijyb (D:5)
  An iguana (D:4)
  4 orc wizards
  Natasha (thrice) (D:2)
  4 worker ants
  A hound skeleton (D:5)
  2 worker ant zombies (D:4)
  2 adders
  2 adder zombies (D:4)
  An adder skeleton (D:4)
  3 worms
  3 dart slugs
  9 leopard geckos
  12 orcs
  6 bats
  2 giant cockroaches
  5 goblins
  8 hobgoblins
  9 jackals
  8 kobolds
  3 quokkas
  3 ball pythons
  5 frilled lizards
  A quokka skeleton (D:4)
  6 rats
  A fungus (D:2)
122 creatures vanquished.

Vanquished Creatures (collateral kills)
  Edmund (D:5)
  An orc warrior (D:4)
  A hound (D:4)
  Crazy Yiuf (D:2)
  An orc wizard (D:3)
  An orc (D:4)
  A bat (D:3)
  A frilled lizard (D:2)
8 creatures vanquished.

Vanquished Creatures (others)
  A slave (D:5)
  An adder (D:5)
  A shadow imp (D:5)
3 creatures vanquished.

Grand Total: 133 creatures vanquished

Notes
Turn   | Place    | Note
-------+----------+-------------------------------------------
     0 | D:1      | vineage the Demonspawn Fighter began the quest for the Orb.
     0 | D:1      | Reached XP level 1. HP: 18/18 MP: 1/1
   179 | D:1      | Gained mutation: A weak demonic guardian rushes to your aid. [demonic ancestry]
   179 | D:1      | Reached XP level 2. HP: 24/24 MP: 2/2
   237 | D:1      | Reached skill level 2 in Long Blades
   613 | D:1      | Gained mutation: You are partially covered in large bone plates. (SH +4) [demonic ancestry]
   613 | D:1      | Reached XP level 3. HP: 29/29 MP: 3/3
  1097 | D:2      | Found a shimmering altar of Xom.
  1099 | D:2      | Found a sparkling altar of Nemelex Xobeh.
  1099 | D:2      | Found a bloodstained altar of Trog.
  1101 | D:2      | Found a glowing golden altar of the Shining One.
  1101 | D:2      | Found a stormy altar of Qazlal.
  1101 | D:2      | Found a shattered altar of Ashenzari.
  1274 | D:2      | Noticed Natasha
  1279 | D:2      | Killed Natasha
  1288 | D:2      | Noticed Natasha
  1306 | D:2      | Killed Natasha
  1306 | D:2      | Gained mutation: You have sharp toenails. [demonic ancestry]
  1306 | D:2      | Reached XP level 4. HP: 15/35 MP: 4/4
  1411 | D:2      | Noticed Natasha
  1416 | D:2      | Killed Natasha
  1416 | D:2      | Reached skill level 3 in Long Blades
  1801 | D:2      | Found a runed door.
  1805 | D:2      | Noticed Crazy Yiuf
  1811 | D:2      | Killed Crazy Yiuf
  1891 | D:3      | Gained mutation: You regenerate a little health from kills. [demonic ancestry]
  1891 | D:3      | Reached XP level 5. HP: 30/41 MP: 5/5
  1962 | D:3      | Found a faded altar of an unknown god.
  2068 | D:3      | Noticed Sigmund
  2079 | D:3      | Killed Sigmund
  2079 | D:3      | Reached skill level 4 in Long Blades
  2079 | D:3      | Reached XP level 6. HP: 43/48 MP: 6/6
  2507 | D:4      | Reached skill level 1 in Dodging
  2747 | D:4      | Noticed vineage's ghost (novice DsFi)
  2764 | D:4      | Gained mutation: You are mostly covered in large bone plates. (SH +6) [demonic ancestry]
  2764 | D:4      | Reached XP level 7. HP: 53/53 MP: 7/7
  2794 | D:4      | Killed vineage's ghost
  2794 | D:4      | Reached skill level 5 in Long Blades
  2916 | D:4      | Found a staircase to the Ecumenical Temple.
  2963 | Temple   | Entered the Ecumenical Temple
  2992 | Temple   | Became a worshipper of Warmaster Okawaru
  3040 | D:4      | Found a white marble altar of Elyvilon.
  3217 | D:4      | Gained mutation: You have razor-sharp toenails. [demonic ancestry]
  3217 | D:4      | Reached XP level 8. HP: 50/61 MP: 8/8
  3309 | D:5      | Entered Level 5 of the Dungeon
  3320 | D:5      | Reached * piety under Okawaru
  3332 | D:5      | Reached skill level 6 in Long Blades
  3528 | D:5      | Noticed Pikel
  3557 | D:5      | Killed Pikel
  3557 | D:5      | Reached ** piety under Okawaru
  3557 | D:5      | Reached skill level 1 in Stealth
  3557 | D:5      | Reached skill level 5 in Shields
  3776 | D:5      | Noticed Edmund
  3796 | D:5      | Killed Edmund
  3796 | D:5      | Reached skill level 5 in Armour
  3802 | D:5      | Noticed Ijyb
  3821 | D:5      | Killed Ijyb
  3871 | D:5      | Gained mutation: Potions are less effective at restoring your health. [mutagenic meat]
  3872 | D:5      | Gained mutation: Your spells are a little easier to cast, but a little less powerful. [mutagenic meat]
  3873 | D:5      | Gained mutation: Your mind is acute. (Int +2) [mutagenic meat]
  3874 | D:5      | Gained mutation: You are weak. (Str -2) [mutagenic meat]
  3875 | D:5      | Gained mutation: You are frail. (-10% HP) [mutagenic meat]
  3876 | D:5      | Lost mutation: Your mind is acute. (Int +2) [mutagenic meat]
  3880 | D:5      | Lost mutation: You are weak. (Str -2) [potion of mutation]
  3880 | D:5      | Lost mutation: You are frail. (-10% HP) [potion of mutation]
  3880 | D:5      | Lost mutation: Your spells are a little easier to cast, but a little less powerful. [potion of mutation]
  3880 | D:5      | Lost mutation: Potions are less effective at restoring your health. [potion of mutation]
  3880 | D:5      | Gained mutation: Your magical capacity is low. (-10% MP) [potion of mutation]
  3880 | D:5      | Gained mutation: Your mind is acute. (Int +2) [potion of mutation]
  3881 | D:5      | Lost mutation: Your mind is acute. (Int +2) [potion of mutation]
  3881 | D:5      | Lost mutation: Your magical capacity is low. (-10% MP) [potion of mutation]
  3881 | D:5      | Gained mutation: You have a pair of small horns on your head. [potion of mutation]
  3881 | D:5      | Gained mutation: Your mind is acute. (Int +2) [potion of mutation]
  3881 | D:5      | Gained mutation: You have a pair of horns on your head. [potion of mutation]
  4238 | D:6      | Reached *** piety under Okawaru
  4238 | D:6      | Reached skill level 1 in Invocations
  4238 | D:6      | Reached XP level 9. HP: 64/67 MP: 9/9
  4300 | D:6      | Found a hazy altar of Hepliaklqana.
  4306 | D:6      | Reached skill level 5 in Fighting
  4306 | D:6      | Reached skill level 7 in Long Blades
  4736 | D:6      | Noticed a two-headed ogre
  4803 | D:6      | Mangled by a two-headed ogre

Skill      XL: |  1  2  3  4  5  6  7  8  9 |
---------------+----------------------------+-----
Armour         | 3 4 5 |  5.2
Long Blades    | 2 3 4 5 6 7 |  7.0
Shields        | 3 4 5 |  5.9
Dodging        | 1 2 |  2.5
Fighting       | 4 5 |  5.0
Stealth        | 1 |  1.8
Invocations    | 1 |  1.0

Action                   |  1- 3 |  4- 6 |  7- 9 || total
-------------------------+-------+-------+-------++-------
Melee: Long sword        |   108 |   165 |   248 ||   521
       Kick              |       |    41 |       ||    41
       Headbutt          |       |       |     9 ||     9
Invok: Heroism           |       |       |     1 ||     1
  Use: Potion            |     2 |     3 |     9 ||    14
       Scroll            |       |     7 |    10 ||    17
 Stab: Distracted        |       |       |     2 ||     2
  Eat: Chunk             |     1 |     5 |    13 ||    19
Armor: Scale mail        |    62 |    74 |    83 ||   219
Dodge: Dodged            |    26 |    55 |    71 ||   152
Block: Shield            |    61 |   132 |   223 ||   416
       Rpst.: Long sword |     4 |    17 |    22 ||    43
